 Dungeon Crawl Stone Soup version 0.15-b1-63-g828a17f (webtiles) character file.

102 Kae the Cudgeler (level 4, 0/39 HPs)
             Began as a Minotaur Fighter on Aug 13, 2014.
             Was an Initiate of Okawaru.
             Slain by ztt's ghost (13 damage)
             ... on Level 3 of the Dungeon.
             The game lasted 00:03:19 (2503 turns).

Kae the Cudgeler (Minotaur Fighter)                 Turns: 2503, Time: 00:03:19

HP   0/39        AC  7     Str 26      XL: 4   Next: 50%
MP   2/2         EV  7     Int  6      God: Okawaru [......]
Gold 124         SH  9     Dex  9      Spells:  0 memorised,  3 levels left

rFire  . . .     SeeInvis .     l - -3 whip (curse)
rCold  . . .     Clarity  .     b - +1 scale mail
rNeg   . . .     rCorr    .     c - +0 shield
rPois  .         rRot     .     (helmet restricted)
rElec  .         Spirit   .     (no cloak)
SustAb .         Warding  .     (no gloves)
rMut   .         Stasis   .     (no boots)
Gourm  .                        (no amulet)
MR     .....                    (no ring)
                                (no ring)

@: mighty, not resistant to hostile enchantments, extremely unstealthy
A: retaliatory headbutt, horns 2
a: Renounce Religion


You were on level 3 of the Dungeon.
You worshipped Okawaru.
Okawaru was noncommittal.
You were not hungry.

You visited 1 branch of the dungeon, and saw 3 of its levels.

You collected 124 gold pieces.

Inventory:

Hand weapons
 a - a +0 flail
 l - a cursed -3 whip (weapon)
Armour
 b - a +1 scale mail (worn)
 c - a +0 shield (worn)
Magical devices
 o - a wand of flame (8)
Comestibles
 d - a bread ration
 g - a beef jerky
 i - a slice of pizza
 m - 2 meat rations
 r - a rotting chunk of giant cockroach flesh
 s - a chunk of orc flesh
Scrolls
 k - a scroll of enchant armour
 n - 2 scrolls of identify
Potions
 f - 2 potions of cure mutation {unknown}
 h - 2 potions of curing
 j - a potion of flight {unknown}
 p - a potion of magic {unknown}
 t - a potion of lignification {unknown}


   Skills:
 - Level 3.6 Fighting
 + Level 5.8 Maces & Flails
 - Level 3.6 Armour
 - Level 3.6 Shields


You had 3 spell levels left.
You didn't know any spells.

Dungeon Overview and Level Annotations

Branches:
Dungeon (3/15)

Altars:
Okawaru
Vehumet

Annotations:
D:3 ztt's ghost, average MiFi


Innate Abilities, Weirdness & Mutations

You reflexively headbutt those who attack you in melee.
You have a pair of horns on your head.


Message History

Ztt's ghost is severely damaged.
You closely miss ztt's ghost.
Ztt's ghost is severely damaged.
Ztt's ghost completely misses you.
You hit ztt's ghost.
Ztt's ghost is severely damaged.
Ztt's ghost hits you!
You barely miss ztt's ghost.
Ztt's ghost is severely damaged.
Ztt's ghost barely misses you.
You closely miss ztt's ghost. You headbutt ztt's ghost!
Ztt's ghost is severely damaged.
Your shield and scale mail prevent you from hitting ztt's ghost.
Ztt's ghost is severely damaged.
Ztt's ghost barely misses you. You furiously retaliate!
You headbutt ztt's ghost. You hit ztt's ghost.
Ztt's ghost is almost destroyed.
Ztt's ghost hits you!
You die...

#.......#
#.####...#####.
######### #.# ##.## ##
#.# #.# # #.#####.# #
#.....#.# # ## #####
#.#..##.# ## ..
...###....#...#####.
#.##.##.......8.......
#....@W.....#...#####.
####.##.....##.# ##
#.######.###.##.# #<
#........# #.# ## #.
#.######## #.. #. #+##
#.#####) #.......
#.###.#. #..#.


You could see ztt's ghost.

Vanquished Creatures
  3 gnolls (D:3)
  2 adders
  A giant mite (D:2)
  3 giant geckos
  2 orcs (D:3)
  2 giant cockroaches
  5 hobgoblins
  2 jackals (D:1)
  3 ball pythons
  A bat (D:3)
  4 giant newts
  7 goblins
  10 kobolds
  3 rats
48 creatures vanquished.

Notes
Turn   | Place    | Note
--------------------------------------------------------------
     0 | D:1      | Kae, the Minotaur Fighter, began the quest for the Orb.
     0 | D:1      | Reached XP level 1. HP: 19/19 MP: 1/1
   334 | D:1      | Reached XP level 2. HP: 19/26 MP: 1/1
   987 | D:2      | Reached skill level 4 in Maces & Flails
   987 | D:2      | Reached XP level 3. HP: 21/31 MP: 2/2
  1244 | D:2      | Found an iron altar of Okawaru.
  1399 | D:2      | Became a worshipper of Warmaster Okawaru
  1470 | D:2      | Found a radiant altar of Vehumet.
  2092 | D:3      | Reached skill level 5 in Maces & Flails
  2095 | D:3      | Reached XP level 4. HP: 18/39 MP: 2/2
  2491 | D:3      | Noticed ztt's ghost (average MiFi)
  2503 | D:3      | Slain by ztt's ghost

Action                   |  1- 3 |  4- 6 || total
-------------------------+-------+-------++-------
Melee: Flail             |    26 |       ||    26
       Whip              |   117 |    42 ||   159
  Use: Scroll            |     3 |       ||     3
       Potion            |     1 |     1 ||     2
  Eat: Chunk             |     4 |     1 ||     5
